 Dungeon Crawl Stone Soup version 0.25-a0-292-gaa31f046c4 (webtiles) character file.

Game seed: 14667435590606409478, levelgen mode: deterministic

7037 MoonlitKnight the Thaumaturge (level 10, -2/50 HPs)
             Began as a Deep Elf Conjurer on Dec 15, 2019.
             Was a Believer of Sif Muna.
             Hit by a large rock thrown by a cyclops (35 damage)
             ... on level 10 of the Dungeon.
             The game lasted 00:52:14 (11628 turns).

MoonlitKnight the Thaumaturge (Deep Elf Conjurer)  Turns: 11628, Time: 00:52:15

Health: -2/50      AC: 12    Str:  5    XL:     10   Next: 83%
Magic:  26/35      EV: 14    Int: 24    God:    Sif Muna [**....]
Gold:   564        SH:  2    Dex: 15    Spells: 9/29 levels left

rFire    . . .     SeeInvis .   b - +2 hand axe (elec)
rCold    . . .     Gourm    .   (no shield)
rNeg     . . .     Faith    .   G - +0 troll leather armour
rPois    .         Spirit   .   v - +2 helmet
rElec    .         Reflect  +   N - +0 cloak
rCorr    .         Harm     .   (no gloves)
MR       +....                  (no boots)
Stlth    +++.......             q - +2 amulet of reflection
HPRegen  0.56/turn              D - +4 ring of protection
MPRegen  0.24/turn              P - ring of magical power

@: lethally poisoned (-2 -> -3), slowed, studying Throwing, very slow
A: no striking features
a: Channel Magic, Renounce Religion


You were on level 10 of the Dungeon.
You worshipped Sif Muna.
Sif Muna was pleased with you.
You were near starving.

You visited 1 branch of the dungeon, and saw 10 of its levels.

You collected 564 gold pieces.

Inventory:

Hand Weapons
 a - a +1 quarterstaff
 b - a +2 hand axe of electrocution (weapon)
Missiles
 o - 64 poisoned darts (quivered)
Armour
 v - a +2 helmet (worn)
 G - a +0 troll leather armour (worn)
 N - a +0 cloak (worn)
Jewellery
 d - an uncursed amulet of rage
 n - an uncursed ring of protection from fire
 q - a +2 amulet of reflection (around neck)
 r - an uncursed ring of protection from cold
 u - an uncursed amulet of faith
 y - an uncursed amulet of the acrobat
 D - a +4 ring of protection (left hand)
 I - an uncursed ring of protection from magic
 P - a ring of magical power (right hand)
Wands
 h - a wand of paralysis (8)
 k - a wand of enslavement (23)
 m - a wand of iceblast (8)
 x - a wand of flame (15)
 F - a wand of random effects (37)
 K - a wand of scattershot (1)
Scrolls
 j - 7 scrolls of remove curse
 z - a scroll of amnesia
 B - 3 scrolls of enchant armour
 M - a scroll of teleportation
Potions
 e - 2 potions of lignification
 f - 2 potions of ambrosia
 g - 2 potions of mutation
 i - 6 potions of curing
 l - a potion of heal wounds
 p - a potion of brilliance {unknown}
 s - 2 potions of might {unknown}
 t - a potion of agility {unknown}
 w - a potion of haste
 C - a potion of degeneration {unknown}
 H - 2 potions of flight {unknown}
 J - 2 potions of berserk rage {unknown}
Books
 E - a manual of Throwing
Comestibles
 c - 13 rations


   Skills:
 - Level 5.0 Dodging
 - Level 5.0 Stealth
 + Level 10.2 Spellcasting
 - Level 10.1 Conjurations
 - Level 6.2 Hexes
 + Level 5.3 Charms
 + Level 4.3 Necromancy
 - Level 5.1 Translocations
 + Level 7.6 Invocations


You had 9 spell levels left.
You knew the following spells:

 Your Spells              Type           Power        Failure   Level  Hunger
a - Magic Dart            Conj           ####         1%          1    None
b - Searing Ray           Conj           ######       1%          2    None
c - Dazzling Flash        Conj/Hex       ######       1%          3    None
d - Iskenderun's Mystic   Conj/Tloc      #####...     3%          4    #......
e - Fulminant Prism       Conj/Hex       ######....   3%          4    #......
f - Static Discharge      Conj/Air       #####...     3%          3    None
g - Regeneration          Chrm/Necr      #####.....   3%          3    None

Your spell library contained the following spells:

 Spells                   Type           Power        Failure   Level  Hunger
 Animate Skeleton         Necr           N/A          1%          1    None
 Pain                     Necr           ####         1%          1    None
 Vampiric Draining        Necr           ####......   4%          3    None
 Animate Dead             Necr           N/A          14%         4    #......
 Orb of Destruction       Conj           ######....   75%         7    #######


Dungeon Overview and Level Annotations

Branches:
Dungeon (10/15)            Temple (0/1) D:5
   Lair: D:8-11         Orc: D:9-12

Altars:
Cheibriados
Elyvilon
Fedhas
Gozag
Hepliaklqana
Ru
Sif Muna
Yredelemnul
Beogh

Shops:
D:6 (   D:7 [

Annotations:
D:2 Sigmund
D:6 3 runed translucent doors, anet's ghost, novice HaWz
D:7 exclusion: spriggan


Message History

A fulminant prism comes into view.
You feel sick.
The cyclops throws a large rock.
The large rock misses you.
Sonja throws a curare-tipped dart.
The curare-tipped dart barely misses you.
Sonja throws a curare-tipped dart.
The curare-tipped dart hits your fulminant prism.
Your fulminant prism crackles loudly.
The cyclops throws a large rock.
The large rock completely misses you.
You see here a large rock.
You hear an explosion!
Sif Muna accepts your kill.
Your Charms skill increases to level 5!
Your Necromancy skill increases to level 4!
You feel a bit more experienced.
The blast of energy engulfs the cyclops!
The cyclops is moderately wounded.
The blast of energy engulfs you!
The cyclops throws a large rock.
The large rock hits you!!
Ouch! That really hurt!
You die...

......### #..## *,* ........#
##'###### **###.**
......#.#####.......#####...ยง.,*
<.....#.....'.......##....W.C.,**
......#######.......##(#*,,,,,,,,
......# #.....K.'..#*,,,,,,**
..(...# #.....*C####*,,,,,,*
#.##### ######'## *,,,,,,* #.#
#...@((# ***,**** #.# #.######
*,* #.# ###.##### *,* #.#
#...|...####* *,* #.#
#........)..* ***,***** #.#
#.......###.* *,,,,,,,* #.#
#.......# *,* *,,,,,,,* #.#
#.......# *,***,,,,,,,* #.#
#.......# *,,,,,,,,,,,*


You could see a cyclops.

Vanquished Creatures
  Erolcha (D:9)
  A two-headed ogre (D:8)
  Erica (D:8)
  Sonja (D:10)
  2 trolls
  A hippogriff (D:10)
  A hungry ghost (D:10)
  Grum (D:8)
  A water moccasin (D:6)
  An orc warrior (D:8)
  2 sky beasts
  3 phantoms
  A black bear (D:8)
  3 ogres
  4 centaurs
  4 wolves (D:8)
  A big kobold (D:9)
  A wyvern zombie (D:8)
  3 bullfrogs
  6 scorpions
  5 wights (D:6)
  A howler monkey (D:7)
  4 jellies
  5 crimson imps
  A bullfrog zombie (D:8)
  2 bullfrog skeletons (D:7)
  An orc priest (D:4)
  3 hounds
  3 iguanas
  5 orc wizards
  10 worker ants
  4 hound zombies
  A worker ant zombie (D:6)
  8 adders
  2 shadow imps
  An adder zombie (D:6)
  An adder skeleton (D:9)
  2 worms
  2 dart slugs
  10 leopard geckos
  27 orcs
  8 giant cockroaches
  8 goblins
  9 hobgoblins
  10 jackals
  6 quokkas
  9 bats
  4 frilled lizards
  5 kobolds
  4 rats
200 creatures vanquished.

Vanquished Creatures (others)
  22 fulminant prisms
22 creatures vanquished.

Grand Total: 222 creatures vanquished

Notes
Turn   | Place    | Note
-------+----------+-------------------------------------------
     0 | D:1      | MoonlitKnight the Deep Elf Conjurer began the quest for the
                  | Orb.
     0 | D:1      | Reached XP level 1. HP: 10/10 MP: 6/6
   232 | D:1      | Reached XP level 2. HP: 15/15 MP: 4/8
   430 | D:1      | Learned a level 2 spell: Searing Ray
  1042 | D:2      | Reached XP level 3. HP: 19/19 MP: 1/9
  1170 | D:2      | Learned a level 3 spell: Dazzling Flash
  1236 | D:2      | Reached skill level 5 in Conjurations
  1615 | D:2      | Noticed Sigmund
  1679 | D:2      | Reached XP level 4. HP: 24/24 MP: 6/11
  1723 | D:2      | Learned a level 4 spell: Iskenderun's Mystic Blast
  2653 | D:3      | Found a sacrificial altar of Ru.
  2852 | D:4      | Found a hazy altar of Hepliaklqana.
  2852 | D:4      | Found a basalt altar of Yredelemnul.
  2852 | D:4      | Found a snail-covered altar of Cheibriados.
  2913 | D:4      | Reached XP level 5. HP: 28/28 MP: 6/13
  2970 | D:4      | Found a white marble altar of Elyvilon.
  3520 | D:4      | Found a shimmering blue altar of Sif Muna.
  3526 | D:4      | Became a worshipper of Sif Muna the Loreminder
  3827 | D:4      | Reached XP level 6. HP: 23/32 MP: 3/14
  3922 | D:5      | Entered Level 5 of the Dungeon
  3958 | D:5      | Reached skill level 1 in Invocations
  4085 | D:5      | Found a blossoming altar of Fedhas.
  4217 | D:5      | Found a staircase to the Ecumenical Temple.
  4236 | D:5      | Reached skill level 5 in Spellcasting
  4304 | D:5      | Noticed a sky beast
  4308 | D:5      | Killed a sky beast
  4308 | D:5      | Reached XP level 7. HP: 24/36 MP: 11/16
  4355 | D:5      | Learned a level 4 spell: Fulminant Prism
  4438 | D:5      | Reached skill level 5 in Stealth
  4974 | D:5      | Reached skill level 5 in Dodging
  5144 | D:5      | Identified the Almanac of Compression
  5368 | D:6      | Noticed a troll
  5776 | D:6      | Reached XP level 8. HP: 22/41 MP: 16/19
  6093 | D:6      | Killed a troll
  6093 | D:6      | Reached skill level 1 in Hexes
  6093 | D:6      | Reached skill level 1 in Translocations
  6262 | D:6      | Found Ofogaf's Antique Weapon Emporium.
  6272 | D:6      | Reached * piety under Sif Muna
  6293 | D:6      | Noticed anet's ghost (novice HaWz)
  6380 | D:6      | Found a runed translucent gate.
  6380 | D:6      | Found a runed translucent gate.
  6380 | D:6      | Identified the +7 flail "Killer Bee's Peril" {crush, -Tele
                  | rPois rC+}
  6380 | D:6      | Identified the +1 chain mail "Xidegg" {Stlth+}
  6413 | D:6      | Found a runed translucent gate.
  6491 | D:6      | Found a roughly hewn altar of Beogh.
  7031 | D:7      | Learned a level 3 spell: Static Discharge
  7444 | D:7      | Noticed a brown ugly thing
  7605 | D:7      | Reached XP level 9. HP: 41/45 MP: 14/21
  8107 | D:7      | Found Henimi's Antique Armour Shop.
  8181 | D:7      | Reached ** piety under Sif Muna
  8326 | D:7      | Found an opulent altar of Gozag.
  8539 | D:8      | Noticed Grum
  8649 | D:8      | Reached skill level 5 in Invocations
  8910 | D:8      | Noticed Erica
  8936 | D:8      | Killed Erica
  8936 | D:8      | Reached skill level 10 in Conjurations
  8936 | D:8      | Reached skill level 5 in Hexes
  9018 | D:8      | Killed Grum
  9142 | D:8      | Noticed a two-headed ogre
  9152 | D:8      | Killed a two-headed ogre
  9152 | D:8      | Reached skill level 5 in Translocations
  9152 | D:8      | Reached XP level 10. HP: 21/50 MP: 9/25
  9243 | D:8      | Learned a level 3 spell: Regeneration
  9297 | D:8      | Reached skill level 1 in Charms
 10013 | D:9      | Noticed Erolcha
 10021 | D:9      | Reached skill level 1 in Necromancy
 10095 | D:9      | Killed Erolcha
 10954 | D:10     | Entered Level 10 of the Dungeon
 11613 | D:10     | Noticed Sonja
 11613 | D:10     | Noticed a cyclops
 11625 | D:10     | Reached skill level 10 in Spellcasting
 11628 | D:10     | Killed Sonja
 11628 | D:10     | Reached skill level 5 in Charms
 11628 | D:10     | Hit by a large rock thrown by a cyclops

Levels and vault maps discovered:
D:1:      dpeg_arrival_pits, layout_loops_ring
D:2:      layout_basic, uniq_sigmund
D:3:      layout_basic, first_ration, serial_park_tiny_1, lemuel_altar_in_water
D:4:      layout_cave_pods, led_sif_pool, grunt_temple_overflow_open,
          hangedman_feature_mirror
D:5:      layout_basic, minmay_temple_entry_tees, basic_altar
D:6:      layout_loops_ring, serial_shops,
          nicolae_shop_competitors_out_of_business, biasface_ghost_orc_armoury,
          amethyst_killhole, minmay_manual_mares
D:7:      layout_basic, grunt_gozag_breadcrumbs, serial_shops,
          nicolae_shop_behind_doors, the_bakery
D:8:      layout_cave_pools, uniq_erica, uniq_grum
D:9:      layout_rooms, uniq_erolcha
D:10:     layout_roguey, uniq_sonja

Skill      XL: |  1  2  3  4  5  6  7  8  9 10 |
---------------+-------------------------------+-----
Stealth        | 3 4 5 |  5.0
Dodging        | 3 4 5 |  5.0
Conjurations   | 5 6 7 9 10 | 10.1
Spellcasting   | 4 5 6 7 9 10 | 10.2
Invocations    | 1 3 4 6 7 |  7.6
Hexes          | 3 6 |  6.2
Translocations | 2 5 |  5.1
Charms         | 5 |  5.3
Necromancy     | 4 |  4.3

Action                   |  1- 3 |  4- 6 |  7- 9 | 10-12 || total
-------------------------+-------+-------+-------+-------++-------
Melee: Dagger            |    26 |       |       |       ||    26
       Quarterstaff      |       |     3 |       |       ||     3
       Hand axe          |       |     2 |     6 |    12 ||    20
 Cast: Magic Dart        |    62 |    69 |   124 |    51 ||   306
       Searing Ray       |     4 |    15 |    48 |    18 ||    85
       Fulminant Prism   |       |       |    13 |    10 ||    23
       Iskenderun's Myst |       |       |     5 |     5 ||    10
       Static Discharge  |       |       |     4 |     5 ||     9
       Dazzling Flash    |       |       |     4 |     4 ||     8
Invok: Channel Magic     |       |       |     1 |       ||     1
  Use: Scroll            |       |     5 |     6 |     6 ||    17
       Potion            |       |       |     1 |       ||     1
 Stab: Sleeping          |       |     1 |       |     1 ||     2
  Eat: Chunk             |     2 |     8 |    13 |     4 ||    27
       Ration            |       |       |     1 |     1 ||     2
Armor: Robe              |    16 |     2 |     3 |       ||    21
       Troll leather arm |       |       |     6 |    12 ||    18
Dodge: Dodged            |    35 |    15 |    55 |    43 ||   148
Block: Other             |       |       |       |     1 ||     1

Table legend:
 A = Non-vault XP
 B = Vault XP
 C = Vault XP percentage of total XP
 D = Non-vault monster count
 E = Vault monster count
 F = Vault count percentage of total count
                 A         B        C        D         E       F
            +---------+---------+-------+---------+---------+-------
      Total |    6591 |    3463 |  34.4 |     190 |      10 |   5.0
            +---------+---------+-------+---------+---------+-------
        D:1 |      39 |       0 |   0.0 |      21 |       0 |   0.0
        D:2 |      70 |       0 |   0.0 |      17 |       0 |   0.0
        D:3 |      39 |       0 |   0.0 |      14 |       0 |   0.0
        D:4 |     258 |       0 |   0.0 |      19 |       0 |   0.0
        D:5 |     816 |       0 |   0.0 |      17 |       0 |   0.0
        D:6 |    1224 |     216 |  15.0 |      25 |       2 |   7.4
        D:7 |     674 |       0 |   0.0 |      27 |       0 |   0.0
        D:8 |    1709 |    1534 |  47.3 |      22 |       6 |  21.4
        D:9 |     901 |     918 |  50.5 |      19 |       1 |   5.0
       D:10 |     861 |     795 |  48.0 |       9 |       1 |  10.0
            +---------+---------+-------+---------+---------+-------
